 Dungeon Crawl Stone Soup version 0.20.0-15-g7f486f2 (webtiles) character file.

845 CrawlDiddy the Slasher (level 7, -1/60 HPs)
             Began as a Minotaur Fighter on June 14, 2017.
             Was a Believer of Fedhas.
             Slain by a yak (7 damage)
             ... on level 5 of the Dungeon.
             The game lasted 00:12:10 (3352 turns).

CrawlDiddy the Slasher (Minotaur Fighter)           Turns: 3352, Time: 00:12:11

Health: -1/60      AC:  9    Str: 19 (22) XL:     7   Next: 68%
Magic:  6/6        EV: 14    Int:  4 (5)  God:    Fedhas [**....]
Gold:   370        SH: 10    Dex: 13 (15) Spells: 6/6 levels left

rFire    . . .     SeeInvis .   a - +0 long sword
rCold    . . .     Gourm    .   c - +0 shield
rNeg     . . .     Faith    .   b - +1 scale mail
rPois    .         Spirit   .   (helmet restricted)
rElec    .         Reflect  .   (no cloak)
rCorr    .         Harm     .   r - +0 pair of gloves
MR       .....                  (no boots)
Stlth    +.........             (no amulet)
Regen    0.2/turn               (no ring)
MPRegen  0.1/turn               (no ring)

@: agile
A: retaliatory headbutt, horns 2
a: Fungal Bloom, Evolution, Sunlight, Renounce Religion


You were on level 5 of the Dungeon.
You worshipped Fedhas.
Fedhas was pleased with you.
You were not hungry.

You visited 1 branch of the dungeon, and saw 5 of its levels.

You collected 370 gold pieces.

Inventory:

Hand Weapons
 a - a +0 long sword (weapon)
Missiles
 j - 130 stones (quivered)
 l - 24 bolts
 m - 14 sling bullets
 t - 64 arrows
Armour
 b - a +1 scale mail (worn)
 c - a +0 shield (worn)
 o - a +1 cloak
 r - a +0 pair of gloves (worn)
 A - a cursed +0 buckler
Jewellery
 y - an uncursed ring of ice {unknown}
Scrolls
 q - a scroll of teleportation
 v - 2 scrolls of identify {unknown}
 z - 2 scrolls of amnesia
 B - a scroll of magic mapping {unknown}
 D - a scroll of remove curse
 F - a scroll of enchant weapon {unknown}
 H - a scroll of fear {unknown}
Potions
 d - a potion of might
 e - a potion of agility
 g - a potion of heal wounds {unknown}
 h - a potion of degeneration
 i - 2 potions of curing
 k - a potion of cancellation {unknown}
 n - 2 potions of mutation {unknown}
 s - a potion of haste {unknown}
 w - a potion of flight {unknown}
 C - a potion of lignification {unknown}
Books
 E - a book of Necromancy

   Spells                             Type                      Level
   a - Pain                           Necromancy                   1
   b - Animate Skeleton               Necromancy                   1
   c - Vampiric Draining              Necromancy                   3
   d - Regeneration                   Charms/Necromancy            3
   e - Animate Dead                   Necromancy                   4
   f - Control Undead                 Necromancy                   4
Comestibles
 f - 4 bread rations
 p - a meat ration
 u - a royal jelly
 x - 3 fruits
 G - 3 chunks of flesh


   Skills:
 + Level 4.8 Fighting
 + Level 6.4 Long Blades
 + Level 6.2 Armour
 + Level 2.9 Dodging
 + Level 0.8 Stealth
 + Level 5.8 Shields


You had 6 spell levels left.
You didn't know any spells.

Dungeon Overview and Level Annotations

Branches:
Dungeon (5/15)
 Temple: D:4-7

Altars:
Dithmenos
Fedhas


Innate Abilities, Weirdness & Mutations

You reflexively headbutt those who attack you in melee.
You have a pair of horns on your head.


Message History

You block the yak's attack.
You hit the yak but do no damage.
The yak is heavily wounded.
The yak gores you!
* * * LOW HITPOINT WARNING * * *
You closely miss the yak.
The yak is heavily wounded.
The yak gores you but does no damage.
It was a potion of curing.
You feel better. The yak gores you!
* * * LOW HITPOINT WARNING * * *
Okay, then.
It was a potion of agility.
You feel agile all of a sudden. You block the yak's attack.
It was a potion of degeneration.
There was something very wrong with that liquid.
You feel weakened.
You feel dopey.
You feel clumsy. The yak gores you!
You die...
Fedhas appreciates your contribution to the ecosystem.

#......#.#.#
#.####.....#####.# #.#
#............
#.#######..#.#.#.#
#........Y5#.# #.#######Y##.#
###.# #Y# .# #...#######Y# .#
#.# #.#......##@# .# ...
#.######.##.# .# #.# #.#
#.##.##.# #.# #.# ##.##....#
#.# #.# #......### #.# #.#
#..###.# #.# #.#####..# #.#
######.######
#........###.###............
#######........รท..>...######


You could see 4 yaks and a crimson imp.

Vanquished Creatures
  Grinder (D:4)
  A yak (D:5)
  Menkaure (D:4)
  An ogre (D:4)
  A water moccasin zombie (D:5)
  A howler monkey (D:4)
  An orc priest (D:3)
  An iguana (D:4)
  A worker ant (D:4)
  4 adders
  An ooze (D:3)
  An adder skeleton (D:4)
  2 worms
  2 dart slugs
  2 leopard geckos
  6 orcs
  4 ball pythons
  5 giant cockroaches
  7 goblins
  6 hobgoblins
  8 jackals
  A quokka (D:2)
  4 bats
  4 frilled lizards
  9 kobolds
  7 rats
  A fungus (D:1)
83 creatures vanquished.

Vanquished Creatures (others)
  26 toadstools
26 creatures vanquished.

Grand Total: 109 creatures vanquished

Notes
Turn   | Place    | Note
-------+----------+-------------------------------------------
     0 | D:1      | CrawlDiddy the Minotaur Fighter began the quest for the Orb.
     0 | D:1      | Reached XP level 1. HP: 19/19 MP: 0/0
   119 | D:1      | Reached XP level 2. HP: 14/27 MP: 1/1
   923 | D:2      | Reached XP level 3. HP: 33/33 MP: 2/2
  1053 | D:2      | Found a shadowy altar of Dithmenos.
  1307 | D:2      | Found a faded altar of an unknown god.
  1356 | D:2      | Became a worshipper of Fedhas Madash
  1356 | D:2      | Reached * piety under Fedhas
  1409 | D:3      | Reached XP level 4. HP: 40/40 MP: 3/3
  1626 | D:3      | Reached skill level 1 in Dodging
  2134 | D:4      | Noticed an ogre
  2142 | D:4      | Killed an ogre
  2142 | D:4      | Reached XP level 5. HP: 26/46 MP: 4/4
  2145 | D:4      | Reached ** piety under Fedhas
  2264 | D:4      | Reached skill level 5 in Armour
  2269 | D:4      | Reached XP level 6. HP: 53/53 MP: 5/5
  2272 | D:4      | Noticed Menkaure
  2279 | D:4      | Killed Menkaure
  2279 | D:4      | Reached skill level 5 in Long Blades
  2396 | D:4      | Noticed Grinder
  2407 | D:4      | Killed Grinder
  2407 | D:4      | Reached skill level 5 in Shields
  2407 | D:4      | Reached XP level 7. HP: 24/60 MP: 6/6
  2961 | D:5      | Entered Level 5 of the Dungeon
  3281 | D:5      | Noticed a yak
  3297 | D:5      | Killed a yak
  3320 | D:5      | Noticed a yak
  3321 | D:5      | Noticed a yak
  3322 | D:5      | Noticed a yak
  3322 | D:5      | Noticed a yak
  3352 | D:5      | Slain by a yak

Skill      XL: |  1  2  3  4  5  6  7 |
---------------+----------------------+-----
Armour         | 4 5 6 |  6.2
Shields        | 4 5 |  5.8
Long Blades    | 3 4 5 6 |  6.4
Fighting       | 4 |  4.8
Dodging        | 1 2 |  2.9
Stealth        | |  0.8

Action                   |  1- 3 |  4- 6 |  7- 9 || total
-------------------------+-------+-------+-------++-------
Melee: Long sword        |    85 |    65 |    42 ||   192
       Headbutt          |    15 |    11 |     8 ||    34
Invok: Fungal Bloom      |     1 |     8 |       ||     9
  Use: Scroll            |     4 |     3 |       ||     7
       Potion            |       |       |     3 ||     3
  Eat: Chunk             |     2 |     3 |     3 ||     8
Armor: Scale mail        |    44 |    27 |    11 ||    82
Dodge: Dodged            |    28 |    20 |    13 ||    61
Block: Shield            |    45 |    25 |    30 ||   100
       Rpst.: Long sword |     9 |     9 |     6 ||    24
